 Dungeon Crawl Stone Soup version 0.28.0-53-g5a82cb258f (webtiles) character file.

Game seed: 6218266046535390006

81 gobodom the Chopper (level 4, -3/35 HPs)
             Began as a Demonspawn Cinder Acolyte on June 21, 2022.
             Was a High Priest of Ignis.
             Slain by an orc warrior
             ... wielding a +0 short sword
              (14 damage)
             ... on level 3 of the Dungeon.
             The game lasted 00:06:34 (1984 turns).

gobodom the Chopper (Demonspawn Cinder Acolyte)     Turns: 1984, Time: 00:06:34

Health: -3/35      AC:  5    Str: 14    XL:     4   Next: 19%
Magic:  3/5        EV: 11    Int: 17    God:    Ignis [*****.]
Gold:   144        SH:  4    Dex: 11    Spells: 3/5 levels left

rFire   + . .      SeeInvis .   a - -1 hand axe (flame)
rCold   . . .      Faith    .   (no shield)
rNeg    . . .      Spirit   .   b - +0 robe
rPois   .          Reflect  .   f - +2 hat
rElec   .          Harm     .   e - +0 cloak
rCorr   .          Rampage  .   (no gloves)
Will    .....                   (no boots)
Stlth   +.........              (no amulet)
HPRegen 0.11/turn               (no ring)
MPRegen 0.09/turn               (no ring)

@: no status effects
A: big brain 1, condensation shield, weakness stinger 1
a: Renounce Religion, Fiery Armour, Foxfire Swarm, Rising Flame


You were on level 3 of the Dungeon.
You worshipped Ignis.
Ignis was extremely pleased with you.
You visited 1 branch of the dungeon, and saw 3 of its levels.

You collected 144 gold pieces.

Inventory:

Hand Weapons
 a - a -1 hand axe of flaming (weapon)
Armour
 b - a +0 robe (worn)
 e - a +0 cloak (worn)
 f - a +2 hat (worn)
Scrolls
 d - 2 scrolls of identify {unknown}
Potions
 c - a potion of ambrosia {unknown}
 g - a potion of heal wounds {unknown}
 h - a potion of flight {unknown}


   Skills:
 + Level 3.4 Fighting
 + Level 3.5 Axes
 + Level 1.0 Dodging
 + Level 0.6 Stealth
 + Level 0.1 Shields
 + Level 1.1 Spellcasting
 + Level 3.1 Fire Magic


You had 3 spell levels left.
You knew the following spells:

 Your Spells              Type           Power      Damage    Failure   Level
a - Scorch                Fire           22%        2d6       9%          2

Your spell library contained the following spells:

 Spells                   Type           Power      Damage    Failure   Level


Dungeon Overview and Level Annotations

Branches:
Dungeon (3/15)

Altars:

Shops:
D:1 [

Portals:
Abyss: D:1***


Innate Abilities, Weirdness & Mutations

You have an unusually large brain. (Int +2)
A meltable shield of frost defends you. (SH +4)
You have a small tail.


Message History

You see here a hobgoblin corpse.
HP restored.
An orc comes into view. It is wielding a +0 falchion.
Found a stone staircase leading up.
The orc shouts!
You hear a shout! x2
An orc comes into view. It is wielding a +0 dagger.
Flames lash the orc.
The orc is almost dead.
The orc's fire resistance burns away.
The orc shouts!
Flames lash the orc.
The orc is burned terribly!
You kill the orc!
You hear a shout!
An orc comes into view. It is wielding a +0 short sword.
You don't have enough magic to cast this spell.
An orc warrior comes into view. It is wielding a +0 short sword.
You don't have enough magic to cast this spell.
You barely miss the orc. The orc hits you but does no damage.
You closely miss the orc. You block the orc's attack.
The orc barely misses you. x2
You hit the orc. You burn the orc.
The orc is severely wounded.
You barely miss the orc. The orc hits you with a +0 short sword.
The orc closely misses you.
You hit the orc. You burn the orc.
You kill the orc!
You hit the orc but do no damage. You block the orc's attack.
You hit the orc. You burn the orc. You tail-slap the orc.
You kill the orc!
You barely miss the orc warrior.
Your tail-slap misses the orc warrior.
The orc warrior closely misses you.
You closely miss the orc warrior. You tail-slap the orc warrior.
The orc warrior is lightly wounded.
The orc warrior hits you with a +0 short sword!
You closely miss the orc warrior.
The orc warrior hits you with a +0 short sword!
You hit the orc warrior but do no damage.
The orc warrior hits you with a +0 short sword.
The orc warrior hits you with a +0 short sword!
You die...

>.......# ##########
#######.# ######
#........# ###.#
#....#####........####
#...#
#.##.##.##...........#
#...#
#.#..##.##...........#
#...#
#.#.###.........oo...#
#...#
#.#.#...###.######...#
#.#.###.#†#.#####.#
#...#
#.#.....#...@o)...#
#.).#
#.###...###..######
...o.. .. ###......###
#...## . #........#
#.o.# #.##...#.# #<..#
##†......# .....
#.###...# #.# ....#
#.# ....


You could see an orc warrior.

Vanquished Creatures
  3 adders
  A worm (D:2)
  3 orcs (D:3)
  3 endoplasms
  3 giant cockroaches (D:2)
  6 goblins
  2 hobgoblins
  4 jackals (D:2)
  A quokka (D:1)
  2 ball pythons
  4 bats
  3 frilled lizards (D:2)
  5 kobolds
  9 rats
49 creatures vanquished.

Notes
Turn   | Place    | Note
-------+----------+-------------------------------------------
     0 | D:1      | gobodom the Demonspawn Cinder Acolyte began the quest for
                  | the Orb.
     0 | D:1      | Reached XP level 1. HP: 18/18 MP: 2/2
   240 | D:1      | Found Ophiozeaf's Armour Shoppe.
   388 | D:1      | Gained mutation: A meltable shield of frost defends you.
                  | (SH +4) [demonic ancestry]
   388 | D:1      | Reached XP level 2. HP: 16/24 MP: 3/3
   567 | D:1      | Learned a level 2 spell: Scorch
   769 | D:2      | Found a faded altar of an unknown god.
   944 | D:2      | Gained mutation: You have a small tail. [demonic ancestry]
   944 | D:2      | Reached XP level 3. HP: 22/29 MP: 4/4
  1872 | D:3      | Reached skill level 1 in Dodging
  1872 | D:3      | Gained mutation: You have an unusually large brain. (Int
                  | +2) [demonic ancestry]
  1872 | D:3      | Reached XP level 4. HP: 35/35 MP: 5/5
  1959 | D:3      | Noticed an orc warrior
  1984 | D:3      | Slain by an orc warrior

Illustrated notes

Levels and vault maps discovered:
D:1:      minmay_arrival_glassed_features, layout_rooms, serial_shops, shop,
          minmay_rat_gold_closets
D:2:      layout_rooms, nicolae_ecumenical_pavilion, roderic_roman_lattice
D:3:      layout_basic, nzn_wu_jian_council_hall, nemelex_diamond_rough_becter

Skill      XL: |  1  2  3 |
---------------+----------+-----
Fire Magic     | 3 |  3.1
Axes           | 3 |  3.5
Dodging        | 1 |  1.0
Fighting       | |  3.4
Stealth        | |  0.6
Shields        | |  0.1
Spellcasting   | |  1.1

Action                   |  1- 3 |  4- 6 || total
-------------------------+-------+-------++-------
Melee: Hand axe          |   103 |    15 ||   118
       Tailslap          |     4 |     4 ||     8
 Cast: Scorch            |     2 |     2 ||     4
 Stab: Sleeping          |     1 |       ||     1
Armor: Robe              |    32 |     3 ||    35
Dodge: Dodged            |    78 |     8 ||    86
Block: Other             |    18 |     3 ||    21
